[Event "*** Titled Tuesday Blitz"]
[Site "Chess.com"]
[Date "2020.03.03"]
[Round "2"]
[White "SlavenPastar"]
[Black "norwaytoadog"]
[Result "0-1"]
[WhiteElo "2488"]
[BlackElo "2254"]
[TimeControl "180+1"]
[EndTime "9:20:37 PST"]
[Termination "norwaytoadog won by checkmate"]

1. d4 Nf6 2. c4 e6 3. Nc3 Bb4 4. e3 O-O 5. Bd3 c5 6. Bd2 b6 7.
Nge2 Bb7 8. f3 cxd4 9. exd4 d5 10. cxd5 Nxd5 11. O-O Be7 12. a3 Nc6 13. Ne4 f5 14.
Nf2 Bf6 15. Qa4 a6 16. Bc3 b5 17. Qb3 Qb6 18. Rad1 Rad8 19. Rfe1 Rfe8 20. a4 b4 21. Bd2 Nxd4 22. Nxd4 Bxd4 23. Re2 Be3 24. Bc4 Bxd2 25. Rexd2 h6 26. Rd4 Kh7 27. Bxd5 Rxd5 28. Qxb4 Qc7 29. Rxd5 Bxd5 30. Qd4 Rb8 31. Nd3 Qb6 32.
Qxb6 Rxb6 33. Rd2 a5 34. Ne5 g5 35. Kf2 Kg7 36. Rc2 Rb3 37. Nd7 Kf7 38. Nc5 Rb4 39. Ke2 e5 40. Rd2 Bc4+ 41. Kf2 Be6 42. Rc2 Rc4 43.
Rxc4 Bxc4 44. Nb7 Bb3 45. Nxa5 Bxa4 46. Nc4 Ke6 47. Nb6 Bb5 48. Nc8 Kd7 49. Na7 Ba4 50. g4 f4 51. h3 Kc7 52. b3 Bd7 53. b4 Kb7 54. h4 Kxa7 55. hxg5 hxg5 56. Ke2 Kb6 57. Kd3 Kc6 58. Ke4 Kd6 59. Kd3 Bb5+ 60. Ke4 Bc6+ 61. Kf5 Bxf3 62. Kxg5 Bc6 63. Kh4 e4 64. g5 Ke6 65. b5 Bb7 66. Kg4 f3 67. Kg3 Kf5 68. g6 Kxg6 69. Kf2 Kf5 70. Ke3 Ke5 71.
b6 Bc6 72. Kf2 Kf4 73. Kf1 e3 74. b7 Bxb7 75. Ke1 f2+ 76. Kf1 Ba6+ 77. Kg2 f1=Q+ 78. Kh2 Qf2+ 79. Kh1 Bb7# 0-1

[Event "*** Titled Tuesday Blitz"]
[Site "Chess.com"]
[Date "2020.03.03"]
[Round "2"]
[White "Artem_Sadovsky"]
[Black "AtabayevSaparmyrat"]
[Result "1-0"]
[WhiteElo "2576"]
[BlackElo "2768"]
[TimeControl "180+1"]
[EndTime "9:20:40 PST"]
[Termination "Artem_Sadovsky won by resignation"]

1. Nf3 Nf6 2. g3 g6 3. Bg2 Bg7 4. O-O O-O 5. c4 d6 6. b3 c5 7. Bb2 Nc6 8. d4 cxd4 9. Nxd4 Bd7 10. Nc3 Qc8 11. Nd5 Nxd5 12. cxd5 Nxd4 13. Bxd4 Bxd4 14.
Qxd4 b6 15. h4 Qc5 16. Qb2 Rac8 17. Rac1 Qa5 18. h5 Rxc1 19. Rxc1 Rc8 20. Rxc8+ Bxc8 21.
h6 f6 22. b4 Qa4 23. a3 Qd7 24.
Qc3 Bb7 25. e4 Qc8 26. Qe3 Qc2 27. Kh2 Bc8 28. Bf1 Kf7 29. Be2 Bd7 30. Kg2 Qb2 31.
Bf3 Qc2 32. Be2 Qb2 33. Bd1 Qb1 34. Bb3 Bb5 35. Kh2 Qd3 36. Qxd3 Bxd3 37. f3 g5 38. Kg2 Kg6 39. Kf2 Kxh6 40. Ke3 Ba6 41. Ba4 Kg6 42. Be8+ Kg7 43. Bd7 h5 44. b5 Bb7 45. a4 a6 46. Kf2 axb5 47. axb5 Kg6 48. Kg2 Kh6 49. Kh3 Kg7 50. f4 Kg6 51. Bf5+ Kh6 52. Bd7 Kg7 53. Kg2 Kg6 54. Kh3 Kh6 55.
Be6 Ba8 56. Bc8 Bb7 57. Bxb7 gxf4 58. gxf4 f5 59. e5 Kg7 60. Bc8 dxe5 61. fxe5 Kg6 62. d6 exd6 63. exd6 Kf6 64. Bxf5 h4 65. Kxh4 Kxf5 66.
d7 1-0

[Event "*** Titled Tuesday Blitz"]
[Site "Chess.com"]
[Date "2020.03.03"]
[Round "2"]
[White "Volodar_Murzin"]
[Black "Chessalary"]
[Result "1-0"]
[WhiteElo "2693"]
[BlackElo "2219"]
[TimeControl "180+1"]
[EndTime "9:20:40 PST"]
[Termination "Volodar_Murzin won on time"]

1. e4 c5 2. Nf3 d6 3. Bb5+ Bd7 4. Bxd7+ Qxd7 5. O-O Nc6 6. c3 Nf6 7. d4 cxd4 8. cxd4 Nxe4 9. d5 Ne5 10. Nxe5 dxe5 11. Re1 Nf6 12. Nc3 g6 13. Rxe5 Bg7 14. Bg5 O-O 15. Qe2 Rfe8 16. Re1 Kf8 17. Qf3 h6 18. Bh4 Rad8 19. h3 Ng8 20. R5e2 Nf6 21. a4 g5 22. Bg3 g4 23. hxg4 Qxg4 24. Qxg4 Nxg4 25. Nb5 Rd7 26. d6 e6 27. Nxa7 Ra8 28. Rc2 Bxb2 29. Nb5 Bf6 30. f3 Rxa4 31. fxg4 Rxg4 32. Bf2 Rb4 33.
Rc7 Ke8 34. Na3 Rxd6 35. Bc5 Bd4+ 36. Bxd4 Rdxd4 37. Nc2 Rbc4 38. Nxd4 Rxc7 39. Rb1 Kd7 40. Rb6 Rc4 41. Nf3 Kc7 42. Rb3 f6 43. Kf2 e5 44.
Ke3 Kc6 45. Nd2 Rd4 46. Ne4 f5 47. Nf2 b5 48. Nd3 Re4+ 49. Kf3 Kb6 50. g3 Rd4 51. Nxe5 b4 52. Nf7 Kb5 53. Nxh6 Ka4 54. Nxf5 Rc4 55. Rb1 b3 56. Ne3 Rc3 57. g4 Ka3 58. Kf4 b2 59. Rg1 Ka2 60. Rg2 Ka1 61. Rxb2 Kxb2 62. Nd1+ 1-0

[Event "*** Titled Tuesday Blitz"]
[Site "Chess.com"]
[Date "2020.03.03"]
[Round "2"]
[White "DishonorOnYourCow"]
[Black "dlp300"]
[Result "1-0"]
[WhiteElo "2277"]
[BlackElo "2690"]
[TimeControl "180+1"]
[EndTime "9:20:52 PST"]
[Termination "DishonorOnYourCow won by resignation"]

1. d4 Nf6 2. c4 e6 3. Nf3 b6 4.
g3 Bb7 5. Bg2 Be7 6. O-O O-O 7. Nc3 Ne4 8. Nxe4 Bxe4 9. Bf4 d6 10.
Qc1 Nd7 11. Qe3 Bb7 12. Rfd1 h6 13. Qd3 Nf6 14. Nd2 Bxg2 15. Kxg2 Nh5 16. Be3 f5 17. f4 Nf6 18. Rac1 c6 19. Bf2 d5 20. cxd5 cxd5 21. Qb5 g5 22. Qc6 Kf7 23. Nf3 Ng4 24. h3 Nxf2 25. Kxf2 Bd6 26. fxg5 hxg5 27. Nxg5+ Qxg5 28. Qxd6 Rad8 29. Rc7+ Kg8 30. Qxe6+ Kh8 31. Qe5+ Kg8 32. h4 Qh6 33. Qe7 f4 34. Qg5+ Qxg5 35. hxg5 fxg3+ 36. Kxg3 Rde8 37. Rd2 Re4 38. Rxa7 Rf5 39. Rc2 Rxg5+ 40. Kf3 Rf5+ 41. Kg2 Rxd4 42. Rc8+ Rf8 43. Rcc7 Rf5 44. Rg7+ Kf8 45. Rgb7 Kg8 46. Rxb6 Rg4+ 47. Kh3 Rg1 48. Rb8+ Rf8 49. Rxf8+ Kxf8 50. Rd7 Rb1 51. b3 Rb2 52. Rxd5 Rxa2 53. e3 Rb2 54. Rd3 Ke7 55. Kg4 Ke6 56. Kf4 Rb1 57. Ke4 Rh1 58. Kd4 Rh4+ 59. e4 Rh8 60. b4 Rb8 61. Rb3 Rb5 62. Kc4 Re5 63. Re3 Kd6 64. Kd4 Rb5 65. e5+ Kc6 66. Kc4 Rb7 67. e6 Re7 68. b5+ Kb6 69. Kb4 Re8 70. e7 Kc7 71. Kc5 Kd7 72. Kb6 Rc8 73. Ka6 Ra8+ 74. Kb7 Re8 75. Ka7 Kd6 76. b6 Kc6 77. b7 Kc7 78. Rc3+ Kd6 79. Rc8 Rxe7 80. Ka8 Re1 81. b8=Q+ Kd7 82. Qb7+ 1-0

[Event "*** Titled Tuesday Blitz"]
[Site "Chess.com"]
[Date "2020.03.03"]
[Round "2"]
[White "Leonid_Starozhilov"]
[Black "NemtsevIgor"]
[Result "1-0"]
[WhiteElo "2710"]
[BlackElo "2362"]
[TimeControl "180+1"]
[EndTime "9:21:01 PST"]
[Termination "Leonid_Starozhilov won by resignation"]

1. b3 e5 2. Bb2 d6 3. e3 f5 4. c4 Nf6 5. Nc3 g6 6. g3 Bg7 7. Bg2 O-O 8. Nge2 Nc6 9. O-O e4 10.
d3 exd3 11. Qxd3 Ne5 12. Qc2 Rb8 13. Rad1 b6 14. Nf4 Re8 15. Nb5 a6 16. Nd4 Qe7 17.
h4 Bb7 18. Nd5 Bxd5 19. cxd5 Rbc8 20. Qe2 Ne4 21. Ne6 Bh8 22. Bxe4 fxe4 23. Bxe5 Bxe5 24.
Qg4 c6 25. Ng5 cxd5 26. Rxd5 Bf6 27. Rfd1 Bxg5 28. Rxg5 Rc5 29. Rxc5 dxc5 30. h5 Qf6 31. h6 Rf8 32. Rd2 Qf5 33. Qxf5 gxf5 34. Rd6 b5 35. Rc6 c4 36. bxc4 bxc4 37. Rxc4 Rb8 38. Rc6 Rb1+ 39. Kg2 a5 40. Rc5 a4 41. Rc4 a3 42. Ra4 Kf7 43. Rxa3 Ra1 44. Ra6 Rb1 45. a4 Ra1 46. a5 Ra2 47. g4 fxg4 48. Kg3 Rb2 49. Rb6 Ra2 50. a6 Ke7 51. Rb7+ Kf6 52. Rxh7 Rxa6 53. Kxg4 Kg6 54.
Re7 Kxh6 55. Rxe4 Rg6+ 56. Kf3 Rg1 57. Rf4 Kg5 58. Rf8 Ra1 59. Rg8+ Kf6 60. Rb8 Ra3 61. Kf4 Ra4+ 62. e4 Ra2 63. Rb6+ Kf7 64. f3 Rf2 65. e5 Ke7 66. Ke4 Re2+ 67. Kf5 Rf2 68. f4 Ke8 69. Rb7 Rh2 70. Ke4 Rh6 71. f5 Ra6 72. f6 Kf8 73. Kf5 Ra8 74. e6 Rc8 75. Rf7+ Kg8 76.
Rg7+ Kh8 77. Rd7 Rc5+ 78. Kg6 Rc8 79. e7 Rg8+ 80. Kf5 Rg1 81. e8=Q+ 1-0

[Event "*** Titled Tuesday Blitz"]
[Site "Chess.com"]
[Date "2020.03.03"]
[Round "2"]
[White "AleksanderHnydiuk"]
[Black "JakubPulpan"]
[Result "1-0"]
[WhiteElo "2569"]
[BlackElo "2756"]
[TimeControl "180+1"]
[EndTime "9:21:13 PST"]
[Termination "AleksanderHnydiuk won by checkmate"]

1. Nf3 Nf6 2. c4 e6 3. g3 d5 4. d4 Be7 5. Bg2 O-O 6. Qc2 dxc4 7. Qxc4 a6 8. Qc2 b5 9. Ne5 Ra7 10. O-O Bb7 11. Bxb7 Rxb7 12. Rd1 h6 13. Nc3 Bd6 14.
Bf4 Nh5 15. Be3 Nf6 16. Ne4 Nxe4 17. Qxe4 Ra7 18. Rac1 Nd7 19. Nc6 Qa8 20. d5 exd5 21. Qf5 Nb6 22. Bxb6 cxb6 23. Nxa7 Qxa7 24. Rxd5 Bc5 25. Rd7 Qa8 26. b4 g6 27. Qf4 Qe8 28.
Rcd1 Be7 29. a3 Bg5 30. Qf3 h5 31. h4 Bh6 32. e3 Qe6 33. Qd5 Qf6 34. Rd8 Bg7 35.
Rxf8+ Bxf8 36. Kg2 Qb2 37. Rd3 Qc2 38. Qd4 Qc6+ 39. Qd5 Qc2 40. Rd2 Qc3 41. Qd3 Qc6+ 42. Kh2 a5 43. Rc2 Qf6 44. Qxb5 axb4 45. axb4 Qd6 46. Rb2 Qf6 47. Qe2 Bd6 48. b5 Qxh4+ 49. Kg2 Qf6 50. Rd2 Bb4 51. Rc2 Bc5 52. Qf3 Qe7 53. Rd2 Qe8 54. Qc6 Qe7 55. Rd7 Qe8 56. Qd5 Kg7 57. Rd8 Qe7 58. Rd7 Qf6 59. Rb7 Kg8 60.
Rc7 Kg7 61. Rxc5 bxc5 62. Qxc5 Qe6 63. Qc6 Kf6 64. Qxe6+ Kxe6 65. f4 f5 66. Kf3 Kd5 67. e4+ Kc5 68. exf5 gxf5 69. Ke3 Kxb5 70. Kd4 h4 71. gxh4 Kc6 72. Ke5 Kd7 73. Kxf5 Ke7 74. Kg6 Kf8 75. h5 Kg8 76. h6 Kh8 77. Kf6 Kg8 78. f5 Kh7 79. Ke7 Kh8 80. f6 Kg8 81.
f7+ Kh7 82. f8=Q Kg6 83. Qg7+ Kh5 84. h7 Kh4 85. h8=Q# 1-0

[Event "*** Titled Tuesday Blitz"]
[Site "Chess.com"]
[Date "2020.03.03"]
[Round "2"]
[White "Msb2"]
[Black "mitrabhaa"]
[Result "1/2-1/2"]
[WhiteElo "2870"]
[BlackElo "2626"]
[TimeControl "180+1"]
[EndTime "9:21:15 PST"]
[Termination "Game drawn - insufficient material"]

1. d4 Nf6 2. Nf3 b6 3. Bf4 Bb7 4. e3 g6 5. a4 a6 6. Be2 Bg7 7. O-O O-O 8. c4 d6 9. a5 Nbd7 10. axb6 cxb6 11. h3 Qc7 12. Nbd2 e5 13. Bh2 Ne4 14. Rc1 Rac8 15. Qa4 Nxd2 16. Nxd2 exd4 17.
exd4 Bxd4 18. Qa3 Be5 19. Bxe5 dxe5 20. b4 a5 21. bxa5 bxa5 22. c5 Bd5 23. c6 Bxc6 24. Ba6 Rb8 25. Qc3 Rb6 26. Be2 Qb7 27. Nc4 Rb3 28. Qa1 Qb4 29. Nxa5 Bxg2 30. Kxg2 Ra3 31. Qb1 Qxb1 32. Rxb1 Rxa5 33. Rb7 Nf6 34. Bc4 Ra4 35. Rc1 Kg7 36. Bb3 Rf4 37. Re7 e4 38. Rcc7 Nh5 39. Bd1 Rf5 40. Bxh5 Rxh5 41. Rxe4 Rf5 42. Ree7 Ra8 43. Re3 Ra2 44. Rf3 Rxf3 45. Kxf3 h5 46. Kg2 Ra3 47. h4 Ra4 48. Kg3 Rg4+ 49. Kh3 Rg1 50. f3 Kf6 51. Rc5 Re1 52. Kg3 Re5 53.
Rc6+ Kf5 54. Rc7 f6 55. Rc4 g5 56. Ra4 Rb5 57. Rc4 Kg6 58. Ra4 Rb3 59. hxg5 fxg5 60.
Ra6+ Kf7 61. Ra7+ Ke6 62. Ra6+ Ke7 63. Ra7+ Kd6 64. Ra6+ Kd7 65. Ra7+ Kc6 66. Rh7 h4+ 67. Kg4 Rb5 68. f4 gxf4 69. Rxh4 Rb4 70. Kf3 Kd5 71.
Rxf4 Rb3+ 72. Kg4 Ke5 73. Rf5+ Ke6 74. Rf4 Rb1 75. Re4+ Kf6 76. Rf4+ Kg6 77. Re4 Rf1 78. Re6+ Kf7 79. Rc6 Rg1+ 80. Kf5 Ke7 81. Ra6 Rh1 82. Ke5 Rh5+ 83. Kf4 Rh4+ 84. Ke5 Rh5+ 85. Kf4 Rh4+ 86. Kg5 Rb4 87. Ra7+ Ke6 88. Ra6+ Ke5 89. Ra5+ Ke4 90.
Ra8 Rd4 91. Re8+ Kd5 92. Rd8+ Kc4 93. Rxd4+ Kxd4 1/2-1/2

[Event "*** Titled Tuesday Blitz"]
[Site "Chess.com"]
[Date "2020.03.03"]
[Round "2"]
[White "moro182"]
[Black "MITerryble"]
[Result "1/2-1/2"]
[WhiteElo "2655"]
[BlackElo "2932"]
[TimeControl "180+1"]
[EndTime "9:22:10 PST"]
[Termination "Game drawn - insufficient material"]

1. d4 e6 2. c4 Bb4+ 3. Bd2 c5 4.
Bxb4 cxb4 5. g3 Nf6 6. Bg2 O-O 7. Nf3 d6 8. O-O a5 9. a3 Na6 10. Nbd2 Qc7 11. Qb3 Bd7 12. Rfc1 b6 13. e4 e5 14. Qe3 Rfe8 15. h3 Bc6 16. Ne1 bxa3 17. bxa3 exd4 18. Qxd4 Nc5 19. f3 Nh5 20. Qf2 Qe7 21. Kh2 Qg5 22. Rab1 Rab8 23. Rb2 Na4 24. Rb3 Nf6 25. Rcb1 Nd7 26. Nd3 Qh6 27. Nf1 g6 28. Ne3 Qg7 29.
h4 h5 30. Bh3 Nf8 31. Nd5 Bxd5 32. cxd5 Re7 33. Qc2 Qd4 34. Nf4 Rbb7 35. Rd3 Qc5 36.
Qxa4 Qf2+ 37. Bg2 Rec7 38. Qd1 Rc2 39. Qf1 Qc5 40. Rdd1 Qxa3 41. Qd3 Rc3 42. Qd2 Nd7 43. Ra1 Qc5 44. Rdc1 Rc7 45. Rxc3 Qxc3 46. Qxc3 Rxc3 47. Bf1 Rxf3 48. Bb5 Nf6 49. e5 dxe5 50. Nd3 Nxd5 51. Nxe5 Re3 52. Nc4 Re2+ 53. Kg1 Nc3 54. Ba6 Rc2 55.
Nxb6 Ne2+ 56. Bxe2 Rxe2 57. Rxa5 Rb2 58. Nd5 Rb3 59. Kg2 Kg7 60. Kh3 Rf3 61. Ra7 Rf5 62.
Nf4 Re5 63. Rd7 Kf6 64. Kg2 Re3 65. Kf2 Ra3 66. Rd3 Ra2+ 67. Kf3 Ra6 68. Rc3 Kg7 69. Rc7 Ra3+ 70. Kg2 Ra5 71. Ne6+ Kg8 72. Rc8+ Kh7 73. Rc7 Kg8 74. Ng5 Rf5 75. Rd7 Kg7 76. Kh3 Rf6 77. g4 hxg4+ 78. Kxg4 Rf1 79. Ne6+ Kg8 80.
Nf4 Kg7 81. Ne6+ Kg8 82. Ng5 Kg7 83. Ra7 Rg1+ 84. Kf4 Rf1+ 85. Ke5 Rf5+ 86. Ke4 Rf1 87. Ke5 Kg8 88. Kd6 Kg7 89. Ke7 Rf4 90. Ke8 Rxh4 91. Nxf7 Kf6 92. Nd6 Ke5 93. Nf7+ Kf4 94. Ra4+ Kg3 95.
Ra3+ Kh2 96. Ke7 Rf4 97. Ng5 Rf5 98. Ne4 Re5+ 99. Kf6 Rxe4 100. Kxg6 Re2 101. Ra5 Rg2+ 102. Rg5 Kg1 103. Rxg2+ Kxg2 1/2-1/2

[Event "*** Titled Tuesday Blitz"]
[Site "Chess.com"]
[Date "2020.03.03"]
[Round "3"]
[White "Shield12"]
[Black "pouya21"]
[Result "1-0"]
[WhiteElo "2906"]
[BlackElo "2724"]
[TimeControl "180+1"]
[EndTime "9:24:02 PST"]
[Termination "Shield12 won by resignation"]

1. e4 c5 2. Nf3 d6 3. d4 cxd4 4. Nxd4 Nf6 5. Nc3 a6 6. h3 e5 7.
Nde2 b5 8. Ng3 Nbd7 9. Bg5 Qc7 10. Nh5 Nxh5 11. Nd5 Qa5+ 12. b4 h6 13. bxa5 hxg5 14.
Nc7+ 1-0

[Event "*** Titled Tuesday Blitz"]
[Site "Chess.com"]
[Date "2020.03.03"]
[Round "3"]
[White "GadimbayliA"]
[Black "INDIAN-ELEPHANT"]
[Result "1/2-1/2"]
[WhiteElo "2916"]
[BlackElo "2742"]
[TimeControl "180+1"]
[EndTime "9:25:03 PST"]
[Termination "Game drawn by agreement"]

1. e4 e5 2. Nf3 Nc6 3. Nc3 Nf6 4. d4 exd4 5. Nxd4 Bb4 6. Nxc6 bxc6 7. Bd3 d5 8. exd5 cxd5 9. O-O O-O 10. Bg5 c6 11. Qf3 Be7 12. Rae1 Be6 13. h3 h6 14. Bxh6 gxh6 15.
Rxe6 fxe6 16. Qg3+ Kh8 17. Qg6 Qd7 18. Qxh6+ Kg8 19. Qg6+ Kh8 20. Qh6+ Kg8 21. Qg6+ Kh8 1/2-1/2

[Event "*** Titled Tuesday Blitz"]
[Site "Chess.com"]
[Date "2020.03.03"]
[Round "3"]
[White "Nalatac"]
[Black "LarissaSteenbekkers"]
[Result "1-0"]
[WhiteElo "2276"]
[BlackElo "1834"]
[TimeControl "180+1"]
[EndTime "9:25:07 PST"]
[Termination "Nalatac won by resignation"]

1. e4 e6 2. d4 d5 3. Nd2 Nf6 4. Bd3 c5 5. c3 Nc6 6. Ngf3 dxe4 7. Nxe4 cxd4 8. Nxf6+ gxf6 9. cxd4 Bb4+ 10. Bd2 O-O 11. O-O Bxd2 12. Qxd2 b6 13. Qh6 f5 14. Ng5 1-0

[Event "*** Titled Tuesday Blitz"]
[Site "Chess.com"]
[Date "2020.03.03"]
[Round "3"]
[White "Andrew-FB00"]
[Black "Art_Vandelay1980"]
[Result "0-1"]
[WhiteElo "1871"]
[BlackElo "2783"]
[TimeControl "180+1"]
[EndTime "9:25:18 PST"]
[Termination "Art_Vandelay1980 won by resignation"]

1. e4 c5 2. Nf3 e6 3. Nc3 d6 4. Bb5+ Nc6 5. O-O Bd7 6. d4 cxd4 7. Nxd4 Nf6 8. Re1 Be7 9. Bg5 O-O 10. Nxc6 Bxc6 11. Bxc6 bxc6 12. b3 d5 13. exd5 cxd5 14.
Na4 Rc8 15. Qd3 Qc7 16. Re2 Ng4 17. Bxe7 Qxh2+ 0-1

[Event "*** Titled Tuesday Blitz"]
[Site "Chess.com"]
[Date "2020.03.03"]
[Round "3"]
[White "livestrong04"]
[Black "Olga_Zhuravleva"]
[Result "1-0"]
[WhiteElo "2409"]
[BlackElo "2222"]
[TimeControl "180+1"]
[EndTime "9:25:35 PST"]
[Termination "livestrong04 won by resignation"]

1. d4 g6 2. Nf3 Bg7 3. Bg5 d6 4. e3 Nd7 5. c3 c6 6. Be2 Qa5 7. O-O b5 8. Nbd2 Bb7 9. a4 bxa4 10. Rxa4 Qc7 11. Nc4 Ngf6 12. Na5 O-O 13. Nd2 h6 14. Bh4 e5 15. Bg3 Nh5 16. Bxh5 gxh5 17. Qxh5 exd4 18.
exd4 Ba6 19. Nac4 Bb5 20. Bxd6 Qd8 21. Bxf8 Bxa4 22. Bxg7 Kxg7 23. Nd6 Qe7 24. Nf5+ 1-0

[Event "*** Titled Tuesday Blitz"]
[Site "Chess.com"]
[Date "2020.03.03"]
[Round "3"]
[White "Dino_Ballecer"]
[Black "Pultis"]
[Result "0-1"]
[WhiteElo "2506"]
[BlackElo "2776"]
[TimeControl "180+1"]
[EndTime "9:25:36 PST"]
[Termination "Pultis won by resignation"]

1. e4 c6 2. d4 d5 3. exd5 cxd5 4. Bd3 Nc6 5. c3 Nf6 6. Bf4 Bg4 7. Nf3 Qb6 8. Qb3 Bxf3 9. Qxb6 axb6 10. gxf3 e6 11.
Nd2 Kd7 12. a3 Bd6 13. Bg3 Nh5 14. O-O-O Nf4 15. Kc2 Nxd4+ 16. cxd4 Rhc8+ 17. Bc4 b5 18. Kb1 bxc4 19. Bxf4 Bxf4 20. Nf1 c3 0-1

[Event "*** Titled Tuesday Blitz"]
[Site "Chess.com"]
[Date "2020.03.03"]
[Round "3"]
[White "MrTattaglia"]
[Black "Vugar_Manafov"]
[Result "1-0"]
[WhiteElo "2819"]
[BlackElo "2586"]
[TimeControl "180+1"]
[EndTime "9:25:55 PST"]
[Termination "MrTattaglia won by resignation"]

1. Nf3 Nf6 2. c4 e6 3. g3 d5 4. Bg2 Nbd7 5. O-O c6 6. Qc2 Bd6 7. d4 O-O 8. b3 b5 9. Nbd2 a5 10. c5 Bc7 11. Bb2 Re8 12. Rfe1 e5 13. e4 dxe4 14. Nxe4 Nxe4 15. Qxe4 Nf6 16. Qh4 e4 17. Ne5 Qd5 18. Rxe4 Nxe4 19. Bxe4 Qe6 20. Qxh7+ Kf8 21. Bxc6 Ba6 22. d5 Qh6 23. Qxh6 gxh6 24. d6 Rac8 25. Bxe8 1-0

[Event "*** Titled Tuesday Blitz"]
[Site "Chess.com"]
[Date "2020.03.03"]
[Round "3"]
[White "xamax2000"]
[Black "TigrVShlyape"]
[Result "0-1"]
[WhiteElo "2689"]
[BlackElo "2877"]
[TimeControl "180+1"]
[EndTime "9:25:59 PST"]
[Termination "TigrVShlyape won by resignation"]

1. c4 c6 2. d4 d5 3. Nf3 Nf6 4. e3 g6 5. Nc3 Bg7 6. h3 O-O 7. Bd2 b6 8. Bd3 Bb7 9. O-O e6 10. e4 dxe4 11. Nxe4 c5 12. Nxf6+ Bxf6 13. Bh6 Re8 14. d5 exd5 15. cxd5 Bxd5 16. Bb5 Bc6 17. Qa4 Bxb5 18. Qxb5 Qd7 19. Qc4 Nc6 20. Rad1 Nd4 21. Nxd4 Bxd4 22. Be3 Rad8 23. Bg5 Qd5 24. Qxd5 Rxd5 25.
Be3 Red8 26. Bg5 Rxg5 0-1

[Event "*** Titled Tuesday Blitz"]
[Site "Chess.com"]
[Date "2020.03.03"]
[Round "3"]
[White "elohunter1999"]
[Black "artooon"]
[Result "0-1"]
[WhiteElo "2430"]
[BlackElo "2764"]
[TimeControl "180+1"]
[EndTime "9:26:04 PST"]
[Termination "artooon won by resignation"]

1. e4 e5 2. Nf3 Nc6 3. Bb5 Nf6 4. O-O Nxe4 5. Re1 Nd6 6. Nxe5 Be7 7. Bf1 Nxe5 8. Rxe5 O-O 9. d4 Bf6 10. Re1 Nf5 11. d5 d6 12. Qd3 Nh4 13. Nd2 Bf5 14.
Ne4 Re8 15. c3 Ng6 16. Bd2 Be5 17. g3 Bf6 18. f4 c6 19. Bg2 Kh8 20. dxc6 bxc6 21.
Qxd6 Bxe4 22. Qxd8 Rexd8 23. Bxe4 Rxd2 24. Bxc6 Rc8 25. Rab1 Ne7 26. Bf3 Rb8 27. Re2 Rxe2 28. Bxe2 Bxc3 29.
Rc1 Bxb2 30. Rc7 Bf6 31. Rxa7 Bd4+ 0-1

[Event "*** Titled Tuesday Blitz"]
[Site "Chess.com"]
[Date "2020.03.03"]
[Round "3"]
[White "Chigorinetz"]
[Black "saraswathii"]
[Result "1-0"]
[WhiteElo "2577"]
[BlackElo "2241"]
[TimeControl "180+1"]
[EndTime "9:26:05 PST"]
[Termination "Chigorinetz won by resignation"]

1. e4 c5 2. Nc3 e6 3. Nge2 Nc6 4. g3 Nf6 5. Bg2 d5 6. exd5 exd5 7. d4 Be6 8. O-O Be7 9. h3 O-O 10. Be3 c4 11. g4 h6 12. f4 a6 13. f5 Bc8 14. Nf4 Ne4 15. Ncxd5 Nd6 16. Qf3 Bg5 17. Rae1 b5 18. Nb6 Qxb6 19. Qxc6 Qxc6 20. Bxc6 Rb8 21.
Nd5 Bxe3+ 22. Rxe3 Bb7 23. Bxb7 Rxb7 24. f6 gxf6 25.
Rxf6 1-0

[Event "*** Titled Tuesday Blitz"]
[Site "Chess.com"]
[Date "2020.03.03"]
[Round "3"]
[White "ZEN-22"]
[Black "Chessmatus"]
[Result "0-1"]
[WhiteElo "2161"]
[BlackElo "2383"]
[TimeControl "180+1"]
[EndTime "9:26:11 PST"]
[Termination "Chessmatus won by checkmate"]

1. d4 Nf6 2. Bg5 Ne4 3. Bh4 c5 4. f3 g5 5. fxe4 gxh4 6. e3 Bh6 7. Qd3 Nc6 8. Nc3 Qb6 9. dxc5 Qxc5 10. Nd5 Nb4 11. Nxb4 Qxb4+ 12. c3 Qxb2 13. Rb1 Qxa2 14. Nf3 Qa6 15. Qxa6 bxa6 16. Nxh4 Bxe3 17. Nf5 Bb6 18. Bc4 d6 19. Rf1 Be6 20. Ng7+ Kd7 21. Bxa6 Rhg8 22. Nxe6 fxe6 23. g3 d5 24. Bb5+ Kd6 25. exd5 exd5 26. c4 Rg5 27. Rd1 Re5+ 28. Kd2 dxc4 29. Kc3+ Kc5 30.
Bxc4 Ba5+ 31. Kb3 Rb8+ 32. Ka4 Kxc4 33. Rc1+ Kd3 34. Rfd1+ Bd2 35. Rc7 Ra5# 0-1

[Event "*** Titled Tuesday Blitz"]
[Site "Chess.com"]
[Date "2020.03.03"]
[Round "3"]
[White "Misha_Bilous"]
[Black "AndreyNeves"]
[Result "1-0"]
[WhiteElo "2455"]
[BlackElo "2173"]
[TimeControl "180+1"]
[EndTime "9:26:23 PST"]
[Termination "Misha_Bilous won by checkmate"]

1. d4 Nf6 2. c4 e6 3. Nf3 d5 4. Nc3 c6 5. e3 Nbd7 6. Qc2 Bd6 7.
b3 O-O 8. Be2 b6 9. Bb2 Bb7 10.
O-O Rc8 11. Rad1 Qc7 12. Rfe1 Qb8 13. h3 Qa8 14. e4 dxe4 15. Nxe4 Nxe4 16. Qxe4 c5 17.
Qh4 cxd4 18. Rxd4 Be5 19. Bd3 h6 20. Nxe5 Nxe5 21. Rxe5 Bxg2 22. Rg4 Bf3 23. Rxg7+ Kxg7 24. Rg5# 1-0

[Event "*** Titled Tuesday Blitz"]
[Site "Chess.com"]
[Date "2020.03.03"]
[Round "3"]
[White "lelya96"]
[Black "FearNoEvil12"]
[Result "1-0"]
[WhiteElo "2305"]
[BlackElo "1957"]
[TimeControl "180+1"]
[EndTime "9:26:25 PST"]
[Termination "lelya96 won by resignation"]

1. e4 a6 2. d4 b5 3. Nf3 Bb7 4.
Bd3 e6 5. O-O Nf6 6. Bg5 h6 7.
Bxf6 gxf6 8. Nbd2 d6 9. c4 bxc4 10. Nxc4 a5 11. e5 fxe5 12. dxe5 Nd7 13. Qe2 d5 14.
Ne3 c5 15. Bb5 Bg7 16. Ng4 h5 17. Bxd7+ Kxd7 18. Nf6+ Bxf6 19. exf6 Qxf6 20. Qb5+ Kc7 21. Qxc5+ Kb8 22. Qd6+ Ka7 23. Rac1 Rac8 24. Ne5 Rhg8 25. Nd7 Qg5 26. Qb6+ Ka8 27. Qxa5+ 1-0

[Event "*** Titled Tuesday Blitz"]
[Site "Chess.com"]
[Date "2020.03.03"]
[Round "3"]
[White "AlexTruskavetsky"]
[Black "DamianoLew95"]
[Result "1-0"]
[WhiteElo "2421"]
[BlackElo "2591"]
[TimeControl "180+1"]
[EndTime "9:26:29 PST"]
[Termination "AlexTruskavetsky won by resignation"]

1. c4 e5 2. g3 c6 3. Bg2 d5 4. d4 dxc4 5. dxe5 Qxd1+ 6. Kxd1 Bf5 7. Nc3 Nd7 8. f4 O-O-O 9. Ke1 Bc5 10. Nf3 Ne7 11. h3 h6 12. g4 Bh7 13. f5 Nd5 14. Nxd5 cxd5 15. Bf4 Rhe8 16. Rd1 Bb4+ 17. Kf2 Nc5 18. Nd4 Ba5 19. Nb5 Bb6 20. Kg3 Bc7 21.
Nxc7 Kxc7 22. Bxd5 Re7 23. Bxf7 Rf8 1-0

[Event "*** Titled Tuesday Blitz"]
[Site "Chess.com"]
[Date "2020.03.03"]
[Round "3"]
[White "Vaathi_Coming"]
[Black "Sven_Tica"]
[Result "1-0"]
[WhiteElo "2848"]
[BlackElo "2676"]
[TimeControl "180+1"]
[EndTime "9:26:37 PST"]
[Termination "Vaathi_Coming won by resignation"]

1. c4 e6 2. Nc3 d5 3. d4 Nf6 4. cxd5 exd5 5. Bf4 c6 6. e3 Bd6 7. Bxd6 Qxd6 8. Bd3 O-O 9. Nf3 Nbd7 10. O-O Re8 11.
Rb1 a5 12. a3 Nf8 13. Ne5 Ng6 14. f4 b5 15. Qc2 Ng4 16. Rbe1 N6xe5 17. dxe5 Qh6 18.
h3 Nxe3 19. Rxe3 d4 20. Rg3 dxc3 21. Qxc3 Ba6 22. b4 axb4 23. axb4 Rad8 24. f5 Qh4 25. Rg4 Qe7 26. Rxg7+ Kf8 27. Rxh7 Qa7+ 28. Kh1 1-0

[Event "*** Titled Tuesday Blitz"]
[Site "Chess.com"]
[Date "2020.03.03"]
[Round "3"]
[White "vlad10898"]
[Black "Touching3200"]
[Result "0-1"]
[WhiteElo "2672"]
[BlackElo "2377"]
[TimeControl "180+1"]
[EndTime "9:27:01 PST"]
[Termination "Touching3200 won by resignation"]

1. e4 c5 2. Nf3 d6 3. d4 cxd4 4. Nxd4 Nf6 5. Nc3 a6 6. Bg5 Nbd7 7. Qe2 h6 8. Bh4 g6 9. f4 Qc7 10. O-O-O e5 11. fxe5 dxe5 12. Nb3 b5 13. Nd5 Nxd5 14. exd5 Bd6 15. Qd2 Kf8 16. g4 a5 17. Qe3 Nb6 18. Bxb5 a4 19. Nd4 a3 20. Bc6 axb2+ 21. Kb1 Rxa2 22.
Qb3 Ra1+ 23. Kxb2 Ra3 0-1

[Event "*** Titled Tuesday Blitz"]
[Site "Chess.com"]
[Date "2020.03.03"]
[Round "3"]
[White "ChainsOfFantasia"]
[Black "Alexander_Zubov"]
[Result "0-1"]
[WhiteElo "2529"]
[BlackElo "2905"]
[TimeControl "180+1"]
[EndTime "9:27:04 PST"]
[Termination "Alexander_Zubov won by resignation"]

1. d4 Nf6 2. Nf3 g6 3. c4 Bg7 4. Nc3 d5 5. h4 c6 6. cxd5 cxd5 7.
Bf4 Nc6 8. e3 O-O 9. Qb3 Na5 10.
Qb4 Nc6 11. Qa3 Ne4 12. Be2 Bg4 13. O-O Bxf3 14. Bxf3 Nd2 15. Bxd5 Nxf1 16. Rxf1 Qd7 17. Bf3 Rfd8 18. Ne4 b6 19. Nc3 Rac8 20. Rd1 Na5 21. Bg5 Bf8 22. d5 h6 23. Bf4 e5 24. dxe6 Qxd1+ 25. Nxd1 Bxa3 26. exf7+ Kxf7 27. bxa3 Rxd1+ 28. Bxd1 Rc1 0-1